 Dungeon Crawl Stone Soup version 0.27-a0-1591-gc56fcc985a (webtiles) character file.

Game seed: 14383302987790558783

32 bande the Shield-Bearer (level 3, 0/24 HPs)
             Began as a Gargoyle Fighter on July 20, 2021.
             Slain by Sigmund (1 damage)
             ... on level 2 of the Dungeon.
             The game lasted 00:01:29 (1535 turns).

bande the Shield-Bearer (Gargoyle Fighter)          Turns: 1535, Time: 00:01:30

Health: 0/24       AC: 10    Str: 19    XL:     3   Next: 25%
Magic:  3/3        EV:  7    Int:  8    God:
Gold:   13         SH:  0    Dex: 10    Spells: 2/2 levels left

rFire    . . .     SeeInvis .   a - +1 war axe
rCold    . . .     Faith    .   c - +0 kite shield
rNeg     + . .     Spirit   .   b - +0 scale mail
rPois    ∞         Reflect  .   (no helmet)
rElec    +         Harm     .   (no cloak)
rCorr    .         Rampage  .   (no gloves)
Will     .....                  (no boots)
Stlth    ..........             (no amulet)
HPRegen  0.08/turn              (no ring)
MPRegen  0.08/turn              (no ring)

@: confused, mighty
A: sickness immunity, AC +3, negative energy resistance 1, electricity
resistance, torment resistance 1, petrification resistance
a: no special abilities


You were on level 2 of the Dungeon.
You visited 1 branch of the dungeon, and saw 2 of its levels.

You collected 13 gold pieces.

Inventory:

Hand Weapons
 a - a +1 war axe (weapon)
Armour
 b - a +0 scale mail (worn)
 c - a +0 kite shield (worn)


   Skills:
 + Level 3.6 Fighting
 + Level 2.4 Axes
 + Level 3.5 Armour
 + Level 3.6 Shields


You had 2 spell levels left.
You didn't know any spells.
Your spell library was empty.

Dungeon Overview and Level Annotations

Branches:
Dungeon (2/15)

Altars:

Annotations:
D:2 Sigmund


Innate Abilities, Weirdness & Mutations

You are immune to sickness and miasma.
Your stone body is resilient. (AC +3)
You are immune to poison.
You resist negative energy. (rN+)
You are resistant to electric shocks. (rElec)
You are resistant to unholy torment.
You are immune to petrification.


Message History

Found a potion of brilliance.
A kobold comes into view. It is wielding a +0 short sword.
The kobold shouts!
You see here a potion of brilliance.
A kobold is nearby!
A ball python comes into view.
The ball python hisses angrily.
Sigmund the Dreaded comes into view.
He is wielding a +1 vorpal scythe, wearing a +2 robe of positive energy and carrying a wand of digging (6).
Sigmund shouts!
The kobold hits you but does no damage.
You hit the kobold.
The kobold is moderately wounded.
The kobold barely misses you. You block the ball python's attack. x2
The kobold hits you with a +0 short sword.
You barely miss the kobold.
The kobold is moderately wounded.
You slash the ball python!
You kill the ball python!
You feel a little less clever now. Sigmund casts a spell at you.
You resist with significant effort.
The kobold hits you with a +0 short sword.
Sigmund zaps a wand.
Some rock shatters into small pieces.
You completely miss the kobold.
The kobold is moderately wounded.
The kobold hits you with a +0 short sword.
You block the kobold's attack.
You slash the kobold!
You kill the kobold!
You feel very mighty all of a sudden.
Sigmund gestures wildly while chanting.
Sigmund flickers and vanishes!
Deactivating autopickup; reactivate with Ctrl-A.
Something hits you!
* * * LOW HITPOINT WARNING * * *
x2 You hear some strange, mumbled words.
You are confused.
Something hits you.
* * * LOW HITPOINT WARNING * * *
You die...

###+## ..... #...
#... #.##### ##
#+#.....#.####
...###.............
.......)...!.########
.......@.#..........#
.##......##....##...#
........{......+....#
.........#.....##.#.#
........##.....##.#.#
........##.....##.#.#
.##..........####.#.#
#..........# #.#.#
#..... .# #.#.#


There were no monsters in sight!

Vanquished Creatures
  A worm (D:2)
  3 ball pythons
  3 bats (D:1)
  3 endoplasms (D:1)
  5 goblins (D:1)
  4 hobgoblins (D:1)
  2 frilled lizards (D:1)
  2 kobolds
  4 rats (D:1)
27 creatures vanquished.

Notes
Turn   | Place    | Note
-------+----------+-------------------------------------------
     0 | D:1      | bande the Gargoyle Fighter began the quest for the Orb.
     0 | D:1      | Reached XP level 1. HP: 14/14 MP: 1/1
   124 | D:1      | Reached XP level 2. HP: 19/19 MP: 2/2
  1094 | D:1      | Reached XP level 3. HP: 23/23 MP: 3/3
  1526 | D:2      | Noticed Sigmund
  1535 | D:2      | HP: 1/24 [something (3)]
  1535 | D:2      | Slain by Sigmund

Illustrated notes

Levels and vault maps discovered:
D:1:      lightli_arrival_flooded_house, layout_basic
D:2:      layout_basic, hellmonk_ecumenical_altar_slurped_away, serial_shops,
          shop, uniq_sigmund

Skill      XL: |  1 |
---------------+----+-----
Axes           | 2 |  2.4
Fighting       | |  3.6
Armour         | |  3.5
Shields        | |  3.6

Action                   || total
-------------------------++-------
Melee: War axe           ||    79
  Use: Scroll            ||     2
       Potion            ||     2
Armor: Scale mail        ||    40
Dodge: Dodged            ||    30
Block: Kite shield       ||    40

Table legend: (Time is in decaauts)
 A = Elapsed time spent in this place.
 B = Non-inter-level travel time spent in this place.
 C = Inter-level travel time spent in this place.
 D = Time resting spent in this place.
 E = Time spent auto-exploring this place.
 F = Levels seen in this place.
 G = Mean time per level.
                   A        B        C        D        E       F      G
               +--------+--------+--------+--------+--------+-----+--------+
         Total |   1584 |   1482 |    102 |      0 |   1282 |   2 |  792.0 |
       Dungeon |   1584 |   1482 |    102 |      0 |   1282 |   2 |  792.0 |
               +--------+--------+--------+--------+--------+-----+--------+

Top non-repeatable levels by time:
     D:1: 1510 daAuts
     D:2: 74 daAuts
